 Dungeon Crawl Stone Soup version 0.26-a0-84-g8c18429211 (webtiles) character file.

Game seed: 2007842894621963201

2230 Conn the Sneak (level 9, -16/60 (61) HPs)
             Began as an Octopode Wizard on June 17, 2020.
             Was an Initiate of Sif Muna.
             Killed by the air
             ... invoked by Gastronok
              (29 damage)
             ... on level 8 of the Dungeon.
             The game lasted 00:22:19 (7944 turns).

Conn the Sneak (Octopode Wizard)                    Turns: 7944, Time: 00:22:20

HP:   -16/60 (61)   AC:  2    Str:  7    XL:     9   Next: 36%
MP:   12/16         EV: 13    Int: 23    God:    Sif Muna [......]
Gold: 219           SH:  3    Dex: 10    Spells: 6/17 levels left

rFire    . . .     SeeInvis .   e - +12 short sword "Wezaef" {flame, rPois}
rCold    . . .     Gourm    .   o - +0 buckler
rNeg     . . .     Faith    .   q - +1 hat
rPois    +         Spirit   .   (no amulet)
rElec    .         Reflect  .   y - ring of protection from magic
rCorr    .         Harm     .   (no ring)
MR       +....                  (no ring)
Stlth    ++++......             (no ring)
HPRegen  0.20/turn              (no ring)
MPRegen  0.15/turn              (no ring)
                                (no ring)
                                (no ring)

@: very slightly contaminated
A: almost no armour, stealthy swim, amphibious, 8 rings, constrict 8, camouflage
1, gelatinous body 1
a: Renounce Religion


You were on level 8 of the Dungeon.
You worshipped Sif Muna.
Sif Muna was noncommittal.
You were not hungry.

You visited 2 branches of the dungeon, and saw 9 of its levels.

You collected 324 gold pieces.
You spent 105 gold pieces at shops.

Inventory:

Hand Weapons
 b - a +2 dagger of venom
 d - a +0 dagger
 e - the +12 short sword "Wezaef" (weapon) {flame, rPois}
   (You found it on level 4 of the Dungeon)

   It has been specially enchanted to burn those struck by it, causing extra
   injury to most foes and up to half again as much damage against particularly
   susceptible opponents.
   It protects you from poison.
 f - a +0 short sword
Missiles
 j - 10 poisoned darts (quivered)
 t - a throwing net
Armour
 o - a +0 buckler (worn)
 q - a +1 hat (worn)
Jewellery
 n - an uncursed amulet of faith
 y - a ring of protection from magic (left tentacle)
Wands
 a - a wand of enslavement (6)
 i - a wand of flame (20)
 x - a wand of clouds (2)
 z - a wand of disintegration (38)
Scrolls
 h - 2 scrolls of enchant weapon
 k - 4 scrolls of identify
 l - a scroll of remove curse
 r - a scroll of random uselessness {unknown}
 v - a scroll of blinking {unknown}
Potions
 m - a potion of flight
 p - a potion of might {unknown}
 s - a potion of lignification {unknown}
 u - a potion of curing
 w - a potion of magic
Comestibles
 c - 19 rations
 g - 2 chunks of flesh


   Skills:
 * Level 5.2 Fighting
 * Level 7.3 Short Blades
 + Level 3.6 Dodging
 + Level 7.6 Stealth
 + Level 0.3 Shields
 + Level 4.6 Spellcasting
 + Level 2.3 Conjurations
 + Level 2.2 Summonings
 + Level 1.2 Translocations


You had 6 spell levels left.
You knew the following spells:

 Your Spells              Type           Power        Failure   Level  Hunger
a - Magic Dart            Conj           ###.         6%          1    None
b - Blink                 Tloc           N/A          14%         2    None
c - Call Imp              Summ           ###.....     10%         2    None
d - Conjure Flame         Conj/Fire      ##......     28%         3    ##.....
e - Mephitic Cloud        Conj/Pois/Air  #.......     34%         3    ##.....

Your spell library contained the following spells:

 Spells                   Type           Power        Failure   Level  Hunger
 Animate Skeleton         Necr           N/A          16%         1    None
 Pain                     Necr           #...         16%         1    None
 Slow                     Hex            #.......     24%         2    None
 Vampiric Draining        Necr           #.........   43%         3    ##.....
 Animate Dead             Necr           N/A          83%         4    ####...
 Ice Form                 Ice/Tmut       #.......     83%         4    ####...
 Agony                    Necr           #.......     99%         5    #####..
 Metabolic Englaciation   Hex/Ice        #.........   99%         5    #####..
 Freezing Cloud           Conj/Ice/Air   #.........   100%        6    #######
 Ozocubu's Refrigeration  Ice            #.........   100%        6    #######
 Simulacrum               Ice/Necr       #.........   100%        6    #######


Dungeon Overview and Level Annotations

Branches:
Dungeon (8/15)             Temple (1/1) D:7
   Lair: D:8-11

Altars:
Elyvilon
Kikubaaqudgha
Sif Muna
Trog
Wu Jian
Zin

Shops:
D:4 [   D:5 *

Annotations:
D:8 Gastronok


Innate Abilities, Weirdness & Mutations

You cannot wear most types of armour.
You are very stealthy in the water. (Stealth+)
You are amphibious.
You can wear up to eight rings at the same time.
You can use your tentacles to constrict eight enemies at once.
Your skin changes colour to match your surroundings (Stealth+).
Your rubbery body absorbs attacks. (AC +1, EV +1)


Message History

You puncture Gastronok! You burn Gastronok.
Gastronok is moderately wounded.
Gastronok bites you!!!
Ouch! That really hurt!
Okay, then.
Okay, then.
Unknown command.
Unknown command.
Casting: Magic Dart (safe; 6% risk of failure)
Confirm with . or Enter, or press ? or * to list all spells.
You miscast Blink.
You are very lightly contaminated with residual magic.
Nothing appears to happen.
The iguana bites you!
* * * LOW HITPOINT WARNING * * *
Casting: Blink (safe; 14% risk of failure)
Confirm with . or Enter, or press ? or * to list all spells.
You blink.
Gastronok waves his eye-stalks in wide circles.
The air twists around and strikes you!!
You die...

##..#######..
########..######
..#
#...............
#w§.....).#####.
#.........#
#.l.......#
#.........#
#.........#
#...@.$...#
#.........#
#.........#
#.........#
#########.# #


You could see Gastronok (swift) and an iguana.

Vanquished Creatures
  Grinder (D:4)
  A sky beast (D:7)
  An orc warrior (D:6)
  2 ogres (D:7)
  A necrophage (D:7)
  Blork the orc (D:6)
  3 bullfrogs
  A scorpion (D:4)
  3 water moccasin skeletons
  4 crimson imps
  A centaur zombie (D:7)
  A quasit (D:8)
  4 orc priests
  A jelly (D:5)
  3 hounds
  An orc wizard (D:6)
  A bullfrog skeleton (D:6)
  4 iguanas
  5 worker ants
  A hound zombie (D:6)
  A hound skeleton (D:4)
  A gnoll (D:2)
  11 adders
  2 shadow imps
  2 oozes
  An adder zombie (D:5)
  2 adder skeletons (D:6)
  6 worms
  A dart slug (D:1)
  4 leopard geckos
  19 orcs
  4 bats
  9 giant cockroaches
  7 goblins
  7 hobgoblins
  8 jackals
  8 quokkas
  A ball python (D:2)
  4 frilled lizards
  A jackal skeleton (D:5)
  4 kobolds
  A leopard gecko skeleton (D:7)
  A quokka skeleton (D:8)
  4 rats
149 creatures vanquished.

Vanquished Creatures (collateral kills)
  Menkaure (D:5)
  An ogre (D:4)
2 creatures vanquished.

Grand Total: 151 creatures vanquished

Notes
Turn   | Place    | Note
-------+----------+-------------------------------------------
     0 | D:1      | Conn the Octopode Wizard began the quest for the Orb.
     0 | D:1      | Reached XP level 1. HP: 11/11 MP: 4/4
   292 | D:1      | Reached XP level 2. HP: 17/17 MP: 6/6
   323 | D:1      | Learned a level 2 spell: Blink
   326 | D:1      | Learned a level 2 spell: Call Imp
  1047 | D:2      | Reached XP level 3. HP: 11/21 MP: 8/8
  1194 | D:2      | Learned a level 3 spell: Conjure Flame
  1529 | D:2      | Reached XP level 4. HP: 15/27 MP: 9/9
  1742 | D:2      | Reached skill level 1 in Short Blades
  1780 | D:2      | You fall into a shaft and drop 2 floors!
  1784 | D:4      | Noticed an ogre
  1831 | D:4      | Killed an ogre
  1831 | D:4      | Reached XP level 5. HP: 20/32 MP: 4/11
  1949 | D:4      | Found Mugub's Antique Armour Shoppe.
  1954 | D:4      | Learned a level 3 spell: Mephitic Cloud
  1968 | D:4      | Reached skill level 1 in Fighting
  2292 | D:4      | Reached XP level 6. HP: 14/38 MP: 12/12
  2595 | D:4      | Got a steaming short sword
  2596 | D:4      | Identified the +12 short sword "Wezaef" {flame, rPois} (You
                  | found it on level 4 of the Dungeon)
  2825 | D:4      | Noticed Grinder
  2831 | D:4      | Killed Grinder
  2831 | D:4      | Reached XP level 7. HP: 44/44 MP: 13/13
  3270 | D:3      | Reached skill level 5 in Stealth
  4408 | D:5      | Entered Level 5 of the Dungeon
  4649 | D:5      | Found Imuddox's Assorted Antiques.
  4665 | D:5      | Bought a crude garnet amulet for 105 gold pieces
  4668 | D:5      | Identified the amulet of Xafoynk {Inacc Dex+4} (You bought
                  | it in a shop on level 5 of the Dungeon)
  4838 | D:5      | Noticed Menkaure
  4846 | D:5      | Killed Menkaure
  5262 | D:5      | Reached XP level 8. HP: 31/51 MP: 14/14
  5746 | D:6      | Noticed Blork the orc
  5755 | D:6      | Killed Blork the orc
  5772 | D:6      | Reached skill level 5 in Short Blades
  6141 | D:6      | You fall into a shaft and drop 2 floors!
  6782 | D:7      | Found an ancient bone altar of Kikubaaqudgha.
  6785 | D:7      | Found a white marble altar of Elyvilon.
  6785 | D:7      | Found an ornate altar of the Wu Jian Council.
  6788 | D:7      | Found a shimmering blue altar of Sif Muna.
  6805 | D:7      | Became a worshipper of Sif Muna the Loreminder
  6934 | D:7      | Found a staircase to the Ecumenical Temple.
  6949 | D:7      | Reached XP level 9. HP: 58/58 MP: 15/15
  6960 | Temple   | Entered the Ecumenical Temple
  7076 | D:7      | Found a glowing silver altar of Zin.
  7303 | D:7      | Reached skill level 5 in Fighting
  7931 | D:8      | Noticed Gastronok
  7944 | D:8      | Killed from afar by Gastronok

Illustrated notes

Levels and vault maps discovered:
D:1:      dpeg_arrival_houses_and_road, layout_basic
D:2:      layout_loops_ring, minmay_increasing_density
D:3:      layout_rooms
D:4:      layout_basic, serial_shops, shop, first_ration, uniq_grinder
D:5:      layout_layer_cave, serial_shops, shop, uniq_menkaure
D:6:      layout_gridville, uniq_blork_the_orc
D:7:      layout_basic, marbit_many_paths, grunt_temple_overflow_open,
          minmay_temple_entry_hall, moated_statue, grunt_ogre_cave
D:8:      layout_basic, minmay_misc_feat_iff, uniq_gastronok
Temple:   nicolae_temple_elliptical

Skill      XL: |  1  2  3  4  5  6  7  8  9 |
---------------+----------------------------+-----
Stealth        | 3 4 6 7 |  7.6
Short Blades   | 1 2 4 6 7 |  7.3
Spellcasting   | 4 |  4.6
Fighting       | 1 2 4 5 |  5.2
Dodging        | 3 |  3.6
Summonings     | 2 |  2.2
Conjurations   | 2 |  2.3
Shields        | |  0.3
Translocations | |  1.2

Action                   |  1- 3 |  4- 6 |  7- 9 || total
-------------------------+-------+-------+-------++-------
Melee: Unarmed           |    10 |       |       ||    10
       Constrict         |    18 |     7 |    26 ||    51
       Dagger            |    40 |    32 |       ||    72
       Tentacles         |    10 |     4 |    15 ||    29
       Short sword       |    20 |     3 |   173 ||   196
 Cast: Magic Dart        |    20 |    17 |    48 ||    85
       Call Imp          |       |     5 |     1 ||     6
       Blink             |       |     2 |     1 ||     3
       Mephitic Cloud    |       |       |     2 ||     2
       Conjure Flame     |       |       |     1 ||     1
  Use: Potion            |       |     4 |     2 ||     6
       Scroll            |       |       |     7 ||     7
 Stab: Sleeping          |     7 |     4 |    27 ||    38
  Eat: Chunk             |     2 |     3 |    17 ||    22
Armor: Skin              |     9 |       |     9 ||    18
Dodge: Dodged            |    50 |    21 |    62 ||   133
Block: Buckler           |       |       |    10 ||    10

Table legend:
 A = Non-vault XP
 B = Vault XP
 C = Vault XP percentage of total XP
 D = Non-vault monster count
 E = Vault monster count
 F = Vault count percentage of total count
                 A         B        C        D         E       F
            +---------+---------+-------+---------+---------+-------
      Total |    2479 |     708 |  22.2 |     141 |      10 |   6.6
            +---------+---------+-------+---------+---------+-------
        D:1 |      28 |       0 |   0.0 |      15 |       0 |   0.0
        D:2 |      98 |      22 |  18.3 |      25 |       5 |  16.7
        D:3 |      48 |       0 |   0.0 |      15 |       0 |   0.0
        D:4 |     313 |     272 |  46.5 |      13 |       1 |   7.1
        D:5 |     288 |     158 |  35.4 |      15 |       1 |   6.2
        D:6 |     615 |      94 |  13.3 |      26 |       1 |   3.7
        D:7 |     991 |     162 |  14.1 |      27 |       2 |   6.9
        D:8 |      98 |       0 |   0.0 |       5 |       0 |   0.0
            +---------+---------+-------+---------+---------+-------
